 Dungeon Crawl Stone Soup version 0.28-b1-1-g3c77fb2ed1 (webtiles) character file.

Game seed: 12129171062683549634

129 zeram the Covert (level 4, -3/22 HPs)
             Began as a Spriggan Brigand on Jan 28, 2022.
             Killed from afar by an orc wizard (10 damage)
             ... with a puff of flame
             ... on level 3 of the Dungeon.
             The game lasted 00:04:08 (3723 turns).

zeram the Covert (Spriggan Brigand)                 Turns: 3723, Time: 00:04:09

Health: -3/22      AC:  3    Str:  7    XL:     4   Next: 88%
Magic:  5/5        EV: 17    Int: 14    God:
Gold:   139        SH:  0    Dex: 16    Spells: 3/3 levels left

rFire   . . .      SeeInvis +   a - +3 dagger
rCold   . . .      Faith    .   (no shield)
rNeg    . . .      Spirit   .   b - +0 robe
rPois   .          Reflect  .   (helmet restricted)
rElec   .          Harm     .   c - +0 cloak
rCorr   .          Rampage  .   (gloves unavailable)
Will    .....                   (boots unavailable)
Stlth   ++++......              (no amulet)
HPRegen 0.07/turn               (no ring)
MPRegen 0.09/turn               (no ring)

@: very quick
A: very small, no large weapons, unfitting armour, see invisible, speed 3
a: no special abilities


You were on level 3 of the Dungeon.
You visited 1 branch of the dungeon, and saw 3 of its levels.

You collected 139 gold pieces.

Inventory:

Hand Weapons
 a - a +3 dagger (weapon)
Missiles
 d - 12 poisoned darts (quivered)
 e - 2 curare-tipped darts
Armour
 b - a +0 robe (worn)
 c - a +0 cloak (worn)
Scrolls
 f - a scroll of vulnerability {unknown}
 g - a scroll of teleportation {unknown}


   Skills:
 - Level 1.5 Fighting
 + Level 3.5 Short Blades
 - Level 2.0 Throwing
 + Level 2.4 Dodging
 + Level 8.2 Stealth


You had 3 spell levels left.
You didn't know any spells.
Your spell library contained the following spells:

 Spells                   Type           Power      Damage    Failure   Level
 Inner Flame              Hex/Fire       0%         N/A       65%         3
 Summon Guardian Golem    Hex/Summ       0%         N/A       65%         3
 Cause Fear               Hex            0%         N/A       96%         4
 Orb of Destruction       Conj           0%         9d5       100%        7
 Spellforged Servitor     Conj/Summ      0%         N/A       100%        7
 Discord                  Hex            0%         N/A       100%        8


Dungeon Overview and Level Annotations

Branches:
Dungeon (3/15)

Altars:

Annotations:
D:3 Sigmund


Innate Abilities, Weirdness & Mutations

You are very small and have problems with some larger weapons.
You are too small for most types of armour.
You have supernaturally acute eyesight. (SInv)
You cover ground extremely quickly. (Speed+++)


Message History

You bump into the rock wall.
The orc wizard misses you.
You closely miss the orc wizard.
You punch the orc wizard, but do no damage.
The orc wizard hits you with a +0 dagger.
You're too confused to move!
The orc wizard hits you with a +0 dagger.
You bump into the rock wall.
The orc wizard points at you and mumbles some strange words.
You easily resist.
You bump into the rock wall.
You bump into the rock wall.
The orc wizard gestures wildly while chanting.
The orc wizard flickers and vanishes for a moment.
The orc wizard hits you with a +0 dagger.
You bump into the rock wall.
The orc wizard closely misses you. The orc wizard barely misses you.
There is a stone staircase leading down here.
You closely miss the orc wizard. The orc wizard completely misses you.
The orc wizard gestures at you while chanting.
You are more confused.
You hit the orc wizard but do no damage.
The orc wizard hits you with a +0 dagger.
You bump into the rock wall.
The orc wizard hits you with a +0 dagger.
You bump into the rock wall.
The orc wizard hits you but does no damage.
You're too confused to move!
The orc wizard misses you.
You bump into the rock wall.
The orc wizard points at you and mumbles some strange words.
The puff of flame hits you!
You bump into the rock wall.
The orc wizard barely misses you. The orc wizard casts a spell at you.
The puff of flame misses you.
You hit the orc wizard.
The orc wizard is moderately wounded.
You feel less confused. Sigmund closely misses you.
The orc wizard gestures at you while chanting.
The puff of flame hits you!
You die...

##. #.# # #.# .#
#.#######.###.#
#..#...#.......
#(...#o@..#
#.##.@.##...... #.....##
###.#
##########.##..###### #
....................##.#
.#########..#...........
.# #............##.# ##
#.#..#..##.....#
##.#..#..##....##


You could see Sigmund and an orc wizard (invisible).

Vanquished Creatures
  An orc priest (D:3)
  3 adders
  A worm (D:2)
  A dart slug (D:2)
  9 orcs (D:3)
  4 ball pythons
  5 bats
  5 endoplasms
  5 giant cockroaches
  3 goblins
  5 hobgoblins
  2 jackals (D:1)
  3 kobolds
  A quokka (D:1)
  2 frilled lizards
  4 rats
54 creatures vanquished.

Vanquished Creatures (others)
  4 toadstools (D:1)
4 creatures vanquished.

Grand Total: 58 creatures vanquished

Notes
Turn   | Place    | Note
-------+----------+-------------------------------------------
     0 | D:1      | zeram the Spriggan Brigand began the quest for the Orb.
     0 | D:1      | Reached XP level 1. HP: 10/10 MP: 2/2
    57 | D:1      | Reached skill level 6 in Stealth
   386 | D:1      | Reached XP level 2. HP: 14/14 MP: 3/3
  1566 | D:2      | Reached skill level 7 in Stealth
  1624 | D:2      | Reached XP level 3. HP: 14/18 MP: 4/4
  2602 | D:2      | Reached XP level 4. HP: 3/22 MP: 5/5
  3013 | D:3      | Reached skill level 8 in Stealth
  3220 | D:3      | Noticed Sigmund
  3723 | D:3      | Killed from afar by an orc wizard

Illustrated notes

Levels and vault maps discovered:
D:1:      ldierk_walled_garden_2, layout_basic, serial_aquarium,
          aquarium_bridge_island_small [aquarium_subvault_small_water,
          aquarium_subvault_bridge, aquarium_subvault_bridge,
          aquarium_subvault_bridge, aquarium_subvault_window],
          aquarium_window_fake, aquarium_window_fake, aquarium_window_fake,
          aquarium_view_4, aquarium_view_2a, aquarium_pool_1,
          hangedman_decor_growths
D:2:      layout_loops_ring, serial_bayou, serial_bayou_pond_d,
          serial_bayou_pond_b, serial_bayou_pond_d, serial_bayou_pond_d,
          grunt_decor_mini_mirrors
D:3:      layout_loops_ring, shapermc_ecumenical_altar_mp_ritualfount,
          chequers_hall_statues_wall_a, uniq_natasha, uniq_sigmund

Skill      XL: |  1  2  3  4 |
---------------+-------------+-----
Stealth        | 6 7 8 |  8.2
Short Blades   | 3 |  3.5
Dodging        | 2 |  2.4
Fighting       | |  1.5
Throwing       | |  2.0

Action                   |  1- 3 |  4- 6 || total
-------------------------+-------+-------++-------
Melee: Dagger            |   125 |    66 ||   191
       Punch             |     2 |     1 ||     3
Throw: Dart              |       |    11 ||    11
  Use: Scroll            |     4 |       ||     4
       Potion            |       |     1 ||     1
 Stab: Sleeping          |    18 |     5 ||    23
Armor: Robe              |    21 |     6 ||    27
Dodge: Dodged            |    89 |    33 ||   122
